 Dungeon Crawl Stone Soup version 0.20.1-1-g8b1a95d (webtiles) character file.

1546 Starchild the Reanimator (level 8, -1/52 HPs)
             Began as a Demonspawn Necromancer on July 31, 2017.
             Shot with an arrow by a centaur (7 damage)
             ... on level 7 of the Dungeon.
             The game lasted 00:34:43 (8007 turns).

Starchild the Reanimator (Demonspawn Necromancer)   Turns: 8007, Time: 00:34:44

Health: -1/52      AC:  5    Str:  9      XL:     8   Next: 57%
Magic:  10/11      EV:  2    Int: 19      God:
Gold:   297        SH:  0    Dex:  0 (13) Spells: 3/11 levels left

rFire    + + .     SeeInvis .   A - +2 flail (drain)
rCold    + . .     Gourm    .   (no shield)
rNeg     . . .     Faith    .   d - +2 robe {rC+ rF+}
rPois    +         Spirit   .   (no helmet)
rElec    .         Reflect  .   (no cloak)
rCorr    .         Harm     .   k - +0 pair of gloves
MR       .....                  (no boots)
Stlth    ..........             (no amulet)
Regen    0.2/turn               E - ring of poison resistance
MPRegen  0.2/turn               J - ring of protection from fire

@: slowed, lost dexterity, very slow
A: talons 1, demonic guardian 1
a: no special abilities


You were on level 7 of the Dungeon.
You were hungry.

You visited 1 branch of the dungeon, and saw 7 of its levels.

You collected 297 gold pieces.

Inventory:

Hand Weapons
 A - a +2 flail of draining (weapon)
Missiles
 h - 178 stones
 t - 32 sling bullets
 F - 7 tomahawks (quivered)
Armour
 d - a +2 robe of resistance (worn)
 k - a +0 pair of gloves (worn)
 p - a +0 buckler
Magical Staves
 C - an uncursed staff of death
Jewellery
 E - a ring of poison resistance (left hand)
 J - a ring of protection from fire (right hand)
Wands
 H - a wand of acid (3/15)
 K - a wand of confusion (29/48)
Scrolls
 j - 6 scrolls of immolation
 l - a scroll of teleportation
 n - a scroll of magic mapping
 o - a scroll of fog {unknown}
 s - 3 scrolls of enchant weapon
 u - 2 scrolls of identify
 w - a scroll of enchant armour {unknown}
 y - a scroll of random uselessness {unknown}
 B - a scroll of fear {unknown}
 D - a scroll of torment {unknown}
 I - a scroll of amnesia {unknown}
Potions
 a - a potion of lignification {unknown}
 g - 2 potions of might
 i - a potion of flight {unknown}
 m - 2 potions of agility
 q - a potion of cancellation {unknown}
 r - a potion of heal wounds
 v - 3 potions of curing
 z - a potion of haste {unknown}
 L - a potion of brilliance {unknown}
Books
 b - a book of Necromancy

   Spells                             Type                      Level
   a - Pain                           Necromancy                   1
   b - Animate Skeleton               Necromancy                   1
   c - Vampiric Draining              Necromancy                   3
   d - Regeneration                   Charms/Necromancy            3
   e - Animate Dead                   Necromancy                   4
   f - Control Undead                 Necromancy                   4
Comestibles
 c - 7 bread rations
 f - 4 meat rations
 x - 4 fruits
 G - a royal jelly


   Skills:
 - Level 1.7 Dodging
 - Level 1.7 Stealth
 - Level 2.0 Spellcasting
 + Level 12.2 Necromancy


You had 3 spell levels left.
You knew the following spells:

 Your Spells              Type           Power        Failure   Level  Hunger
a - Pain                  Necr           ####         1%          1    #......
b - Vampiric Draining     Necr           #####.....   1%          3    ###....
c - Animate Skeleton      Necr           N/A          1%          1    #......
d - Regeneration          Chrm/Necr      ####......   4%          3    ###....


Dungeon Overview and Level Annotations

Branches:
Dungeon (7/15)
 Temple: D:4-7

Altars:
Gozag

Shops:
D:5 !


Innate Abilities, Weirdness & Mutations

You have sharp toenails.
A weak demonic guardian rushes to your aid.


Message History

The centaur shoots an arrow.
The arrow hits you but does no damage.
Found 17 arrows.
You see here 2 arrows.
The centaur shoots an arrow.
The arrow hits you!
Your iron imp barely misses the adder.
An iguana comes into view.
You see here an arrow.
The adder bites you but does no damage.
Casting: Pain
Confirm with . or Enter, or press ? or * to list all spells.
Aiming: Pain
Press: ? - help, Shift-Dir - straight line, f - adder
Aim: an adder (chance to defeat MR: 89%)
The adder writhes in agony!
You kill the adder!
You feel your dexterity returning.
The centaur shoots an arrow.
The arrow hits you!
* * * LOW HITPOINT WARNING * * *
The centaur shoots an arrow.
The arrow hits you!
You die...

#### #... ######### #.##
##.......## #.##
#.........# #.#.
#?..<.....# ###.#.
#.........# ..#.#.
#..#.#.#..##+#.#.#. (
#@#.#.........#.##
....#+##(#...........#.#
...!(..(5............#.#
#..c...............#.).#
.....c..........#.######
##................#
##.#########...### #.
##### #


You could see a centaur and a friendly iron imp.

Vanquished Creatures
  Prince Ribbit (D:5)
  Sigmund (D:6)
  A phantom (D:7)
  A centaur (D:6)
  Dowan (D:4)
  A scorpion (D:4)
  A crimson imp (D:5)
  A quasit (D:6)
  2 bullfrog zombies
  A hound (D:6)
  A centaur skeleton (D:4)
  A jelly (D:6)
  A bullfrog skeleton (D:5)
  2 orc priests
  4 iguanas
  4 worker ants
  A hound skeleton (D:4)
  A worker ant zombie (D:6)
  8 adders
  2 shadow imps
  An ooze (D:4)
  2 adder skeletons
  6 worms
  2 dart slugs (D:1)
  2 leopard geckos
  13 orcs
  7 giant cockroaches
  3 goblins
  4 hobgoblins (D:1)
  2 jackals (D:5)
  13 kobolds
  3 quokkas
  3 ball pythons
  6 bats
  4 frilled lizards
  A jackal skeleton (D:5)
  A jackal zombie (D:5)
  A quokka zombie (D:7)
  6 rats
116 creatures vanquished.

Vanquished Creatures (collateral kills)
  Duvessa (D:4)
  A wyvern zombie (D:6)
  2 scorpions (D:4)
  A quasit (D:7)
  An adder (D:6)
  An orc (D:4)
  A frilled lizard (D:4)
  A jackal zombie (D:5)
9 creatures vanquished.

Grand Total: 125 creatures vanquished

Notes
Turn   | Place    | Note
-------+----------+-------------------------------------------
     0 | D:1      | Starchild the Demonspawn Necromancer began the quest for the Orb.
     0 | D:1      | Reached XP level 1. HP: 13/13 MP: 3/3
   543 | D:1      | Gained mutation: A weak demonic guardian rushes to your aid. [demonic ancestry]
   543 | D:1      | Reached XP level 2. HP: 2/19 MP: 0/5
   574 | D:1      | Reached skill level 5 in Necromancy
  1344 | D:1      | Reached XP level 3. HP: 17/24 MP: 0/6
  1777 | D:2      | Learned a level 3 spell: Vampiric Draining
  1831 | D:2      | Learned a level 1 spell: Animate Skeleton
  1999 | D:2      | Reached skill level 6 in Necromancy
  2556 | D:3      | Reached XP level 4. HP: 30/30 MP: 5/7
  3725 | D:4      | Reached skill level 7 in Necromancy
  3725 | D:4      | Reached XP level 5. HP: 32/35 MP: 3/8
  4118 | D:4      | Reached skill level 8 in Necromancy
  4118 | D:4      | Gained mutation: You have sharp toenails. [demonic ancestry]
  4118 | D:4      | Reached XP level 6. HP: 13/41 MP: 6/9
  4321 | D:4      | Learned a level 3 spell: Regeneration
  4347 | D:4      | Noticed Duvessa
  4508 | D:4      | Noticed Dowan
  4530 | D:4      | Killed Duvessa
  4530 | D:4      | Reached skill level 9 in Necromancy
  4551 | D:4      | Killed Dowan
  4784 | D:4      | Reached XP level 7. HP: 43/46 MP: 6/10
  4989 | D:5      | Entered Level 5 of the Dungeon
  5231 | D:5      | Found Minwitoirph's Distillery.
  5288 | D:5      | Found an opulent altar of Gozag.
  5298 | D:5      | Noticed Prince Ribbit
  5312 | D:5      | Killed Prince Ribbit
  5312 | D:5      | Reached skill level 10 in Necromancy
  6052 | D:6      | Reached skill level 11 in Necromancy
  6052 | D:6      | Reached XP level 8. HP: 43/52 MP: 11/11
  6466 | D:6      | Noticed Sigmund
  6482 | D:6      | Killed Sigmund
  7014 | D:6      | Reached skill level 12 in Necromancy
  7626 | D:7      | Lost dexterity.
  8007 | D:7      | Shot with an arrow by a centaur

Skill      XL: |  1  2  3  4  5  6  7  8 |
---------------+-------------------------+-----
Necromancy     | 5 6 7 8 9 11 12 | 12.2
Dodging        | |  1.7
Stealth        | |  1.7
Spellcasting   | |  2.0

Action                   |  1- 3 |  4- 6 |  7- 9 || total
-------------------------+-------+-------+-------++-------
Melee: Club              |    32 |    16 |       ||    48
       Unarmed           |     1 |       |       ||     1
       Flail             |       |    33 |   201 ||   234
       Kick              |       |     2 |    29 ||    31
 Cast: Pain              |    74 |    77 |    51 ||   202
       Animate Skeleton  |       |    10 |    12 ||    22
       Vampiric Draining |       |     4 |     4 ||     8
       Regeneration      |       |       |     2 ||     2
  Use: Scroll            |       |     3 |     6 ||     9
       Potion            |       |     1 |       ||     1
 Stab: Sleeping          |     2 |     1 |       ||     3
  Eat: Chunk             |     6 |     9 |     8 ||    23
       Bread ration      |       |       |     1 ||     1
Armor: Robe              |    12 |    17 |   201 ||   230
Dodge: Dodged            |    41 |    61 |   204 ||   306
